 Dungeon Crawl Stone Soup version 0.31.0-9-g3a7656b989 (webtiles) character file.

Game seed: 9118142493644062031

51 qw the Shooter (level 3, -3/18 HPs)
             Began as a Spriggan Hunter on Feb 2, 2024.
             Slain by Robin
             ... wielding a +0 mace
              (6 damage)
             ... on level 2 of the Dungeon.
             The game lasted 00:00:02 (639 turns).

qw the Shooter (Spriggan Hunter)                     Turns: 639, Time: 00:00:02

Health: -3/18      AC:  2    Str:  7    XL:     3   Next: 57%
Magic:  4/4        EV: 19    Int: 10    God:
Gold:   17         SH:  0    Dex: 20    Spells: 2/2 levels left

rFire   . . .        a - +0 shortbow
rCold   . . .        (shield currently unavailable)
rNeg    . . .        c - +0 robe
rPois   .            (helmet restricted)
rElec   .            (no cloak)
rCorr   .            (gloves unavailable)
SInv    +            (boots unavailable)
Will    .....        (no amulet)
Stlth   ++           (no ring)
HPRegen 0.23/turn    (no ring)
MPRegen 0.09/turn

%: no passive effects
@: very quick
A: very small, no large weapons, unfitting armour, see invisible, speed 3
a: no special abilities


You were on level 2 of the Dungeon.
You visited 1 branch of the dungeon, and saw 2 of its levels.

You collected 17 gold pieces.


Innate Abilities, Weirdness & Mutations

You are very small and have problems with some larger weapons.
You are too small for most types of armour.
You have supernaturally acute eyesight. (SInv)
You cover ground extremely quickly. (Speed+++)


   Skills:
 - Level 1.5 Fighting
 + Level 4.8 Ranged Weapons
 - Level 4.0 Dodging
 - Level 1.5 Stealth


You had 2 spell levels left.
You didn't know any spells.
Your spell library was empty.

Inventory:

Hand Weapons
 a - a +0 shortbow (weapon)
Armour
 c - a +0 robe (worn)
Scrolls
 b - a scroll of identify
Potions
 f - a potion of mutation

Dungeon Overview and Level Annotations

Branches:
Dungeon (2/15)

Altars:

Annotations:
D:2 Robin


Message History

The endoplasm quivers.
The goblin misses you.
You shoot an arrow. The arrow barely misses the goblin.
The arrow hits the hobgoblin.
You kill the hobgoblin!
A hobgoblin comes into view.
The goblin hits you with a +0 club. The goblin closely misses you.
The hobgoblin moves out of view.
You shoot an arrow. The arrow hits the goblin.
You kill the goblin!
You hear a shout!
You shoot an arrow. The arrow hits the goblin!
You kill the goblin!
The hobgoblin no longer looks unusually strong.
A goblin comes into view. It is wielding a +0 dagger.
You shoot an arrow.
The arrow hits the hobgoblin but does no damage.
The hobgoblin hits you.
You shoot an arrow. The arrow hits the hobgoblin.
The hobgoblin is almost dead.
The goblin no longer looks unusually strong.
The hobgoblin misses you.
You shoot an arrow. The arrow hits the hobgoblin.
You kill the hobgoblin!
Robin throws the goblin at you! The goblin completely misses you.
You shoot an arrow. The arrow barely misses the goblin.
Robin roars a battlecry!
The goblin goes into a battle-frenzy!
The goblin misses you.
You shoot an arrow. The arrow closely misses the goblin.
The goblin closely misses you. Robin closely misses you.
The goblin barely misses you.
You shoot an arrow. The arrow completely misses Robin.
The arrow hits the endoplasm but does no damage.
Robin completely misses you. The goblin hits you with a +0 dagger.
You shoot an arrow.
The arrow hits Robin but does no damage.
Robin hits you with a +0 mace.
You die...
Robin calls out, "Let's celebrate!
Time for a feast!"

### #<#
#.#
#.#####
#....g#
#####@#
#g# .J#
.### ..
). ...
...


You could see Robin, an endoplasm and a goblin (strong).

Vanquished Creatures
  A gnoll (D:1)
  A dart slug (D:1)
  A ball python (D:1)
  5 endoplasms (D:1)
  3 giant cockroaches (D:1)
  9 goblins
  5 hobgoblins
  3 kobolds (D:1)
  2 bats (D:1)
  A frilled lizard (D:1)
  3 rats (D:1)
34 creatures vanquished.

Notes
Turn   | Place    | Note
-------+----------+-------------------------------------------
     0 | D:1      | qw the Spriggan Hunter began the quest for the Orb.
     0 | D:1      | Reached XP level 1. HP: 10/10 MP: 2/2
     0 | D:1      | 0 ||| qw: Version: 0.3-a-155-g5e7d8dd
     0 | D:1      | 0 ||| qw: Game counter: 998
     0 | D:1      | 0 ||| qw: Melee chars always use a shield: true
     0 | D:1      | 0 ||| qw: God list: Okawaru
     0 | D:1      | 0 ||| qw: Allow faded altars: false
     0 | D:1      | 0 ||| qw: Do Orc after clearing Dungeon:15 true
     0 | D:1      | 0 ||| qw: Do second Lair branch before Depths: true
     0 | D:1      | 0 ||| qw: Lair rune preference: random
     0 | D:1      | 0 ||| qw: Goals: Normal
     0 | D:1      | 0 ||| PLANNING D:1-11
    31 | D:1      | Reached skill level 3 in Dodging
   160 | D:1      | Reached XP level 2. HP: 14/14 MP: 3/3
   162 | D:1      | Found a faded altar of an unknown god.
   218 | D:1      | 218 ||| READING 2 scrolls labelled ZOSTUJEREC.
   218 | D:1      | 218 ||| IDENTIFYING cyan potion
   219 | D:1      | 219 ||| READING scroll of identify.
   219 | D:1      | 219 ||| IDENTIFYING scroll labelled OGEANI TETIUKUPT
   220 | D:1      | 220 ||| DROPPING scroll of butterflies.
   221 | D:1      | 221 ||| DROPPING scroll of noise.
   230 | D:1      | HP: 1/14 [gnoll/+0 spear (9)]
   233 | D:1      | Reached XP level 3. HP: 2/18 MP: 4/4
   620 | D:2      | Noticed Robin
   638 | D:2      | HP: 2/18 [goblin/+0 dagger[Robin] (4)]
   639 | D:2      | Slain by Robin

Levels and vault maps discovered:
D:1:      dpeg_arrival_pits, layout_loops_ring, serial_glass, glass_columns_c,
          glass_columns_c, ebering_ecumenical_altar_petrified
D:2:      layout_basic, basic_altar, uniq_robin

Skill      XL: |  1  2 |
---------------+-------+-----
Dodging        | 3 4 |  4.0
Fighting       | |  1.5
Ranged Weapons | |  4.8
Stealth        | |  1.5

Action                     || total
---------------------------++-------
   Fire: Shortbow          ||    80
    Use: Scroll            ||     2
 Armour: Robe              ||    15
  Dodge: Dodged            ||    27

Table legend:
 A = Non-vault XP
 B = Vault XP
 C = Vault XP percentage of total XP
 D = Non-vault monster count
 E = Vault monster count
 F = Vault count percentage of total count
                 A         B        C        D         E       F
            +---------+---------+-------+---------+---------+-------
      Total |      60 |      13 |  17.8 |      26 |       8 |  23.5
            +---------+---------+-------+---------+---------+-------
        D:1 |      60 |       0 |   0.0 |      26 |       0 |   0.0
        D:2 |       0 |      13 | 100.0 |       0 |       8 | 100.0
            +---------+---------+-------+---------+---------+-------
